 Dungeon Crawl Stone Soup version 0.26.0-10-g1f06aea511 (webtiles) character file.

Game seed: 15410209532835038963

411 Arum the Skirmisher (level 6, -3/56 HPs)
             Began as a Ghoul Fighter on Jan 20, 2021.
             Was a Follower of Okawaru.
             Slain by a necrophage (4 damage)
             ... on level 4 of the Dungeon.
             The game lasted 00:03:03 (1879 turns).

Arum the Skirmisher (Ghoul Fighter)                 Turns: 1879, Time: 00:03:04

Health: -3/56      AC:  9    Str: 22    XL:     6   Next: 90%
Magic:  3/5        EV: 10    Int:  3    God:    Okawaru [*.....]
Gold:   206        SH: 11    Dex:  8    Spells: 5/5 levels left

rFire    . . .     SeeInvis .     - Unarmed
rCold    + . .     Faith    .   b - +0 kite shield
rNeg     + + +     Spirit   .   a - +0 scale mail
rPois    ∞         Reflect  .   (no helmet)
rElec    .         Harm     .   n - +0 cloak
rCorr    .         Rampage  .   (no gloves)
Will     .....     Rnd*Tele +   (no boots)
Stlth    +.........             m - amulet of regeneration (curse)
HPRegen  0.00/turn              g - ring of teleportation (curse)
MPRegen  0.09/turn              (no ring)

@: heroism
A: claws 1, cold resistance 1, negative energy resistance 3, inhibited
regeneration, torment resistance, unbreathing
a: Renounce Religion, Heroism


You were on level 4 of the Dungeon.
You worshipped Okawaru.
Okawaru was aware of your devotion.
You visited 1 branch of the dungeon, and saw 4 of its levels.

You collected 206 gold pieces.

Inventory:

Armour
 a - a +0 scale mail (worn)
 b - a +0 kite shield (worn)
 n - a +0 cloak (worn)
Jewellery
 g - a cursed ring of teleportation (left claw)
 m - a cursed amulet of regeneration (around neck)
Wands
 o - a wand of random effects (17)
Scrolls
 d - 3 scrolls of enchant armour {unknown}
 e - 3 scrolls of noise {unknown}
 f - a scroll of immolation {unknown}
 l - 5 scrolls of identify {unknown}
 p - 3 scrolls of remove curse {unknown}
 q - a scroll of blinking {unknown}
Potions
 c - a potion of might
 h - a potion of mutation {unknown}
 i - a potion of ambrosia {unknown}
 j - a potion of magic {unknown}
 k - a potion of curing {unknown}
 r - 2 potions of flight {unknown}
 s - a potion of degeneration {unknown}


   Skills:
 + Level 5.0(10.0) Fighting
 + Level 4.1(9.1) Armour
 + Level 4.0(9.0) Shields
 + Level 4.3(9.3) Unarmed Combat


You had 5 spell levels left.
You didn't know any spells.
Your spell library was empty.

Dungeon Overview and Level Annotations

Branches:
Dungeon (4/15)
 Temple: D:4-7

Altars:
Cheibriados
Okawaru


Innate Abilities, Weirdness & Mutations

You thrive by killing the living.
You are immune to poison.
You have sharp fingernails.
Your flesh is cold resistant. (rC+)
You are immune to negative energy. (rN+++)
You do not regenerate when monsters are visible.
You are immune to unholy pain and torment.
You can survive without breathing.


Message History

Unknown command.
Unknown command.
Unknown command.
Unknown command.
Unknown command.
Unknown command.
Unknown command.
You claw the orc priest!
The orc priest is almost dead.
The orc wizard hits you but does no damage.
Unknown command.
You claw the orc priest!
You kill the orc priest!
Okawaru accepts your kill. The necrophage barely misses you.
Your base Fighting skill increases to level 5!
Unknown command.
You closely miss the orc wizard. You block the orc wizard's attack.
The necrophage hits you.
You die...

##############
..........)..#
...........>.#
......n).....#
.....?o@.....#
....###..#####
# #...# #<..#
##..# ..# #...
..## ...


You could see a necrophage and an orc wizard.

Vanquished Creatures
  Sigmund (D:2)
  2 orc priests (D:4)
  Crazy Yiuf (D:2)
  5 adders
  An ooze (D:3)
  4 worms
  3 dart slugs
  A leopard gecko (D:2)
  7 orcs (D:3)
  A ball python (D:3)
  3 giant cockroaches
  10 goblins
  10 hobgoblins
  5 jackals
  2 quokkas (D:3)
  10 bats
  A frilled lizard (D:1)
  5 kobolds
  11 rats
83 creatures vanquished.

Notes
Turn   | Place    | Note
-------+----------+-------------------------------------------
     0 | D:1      | Arum the Ghoul Fighter began the quest for the Orb.
     0 | D:1      | Reached XP level 1. HP: 19/19 MP: 0/0
    90 | D:1      | Reached XP level 2. HP: 26/26 MP: 1/1
   539 | D:2      | Reached XP level 3. HP: 31/31 MP: 2/2
   662 | D:2      | Found an iron altar of Okawaru.
   675 | D:2      | Became a worshipper of Warmaster Okawaru
   726 | D:2      | Noticed Sigmund
   742 | D:2      | Killed Sigmund
   743 | D:2      | Reached skill level 4 in Fighting
   743 | D:2      | Reached XP level 4. HP: 31/41 MP: 3/3
   743 | D:2      | Reached XP level 5. HP: 35/47 MP: 4/4
   791 | D:2      | Reached * piety under Okawaru
   840 | D:2      | Reached XP level 6. HP: 49/53 MP: 5/5
   896 | D:2      | Found a runed translucent door.
   897 | D:2      | Noticed Crazy Yiuf
   956 | D:2      | Found a snail-covered altar of Cheibriados.
  1155 | D:2      | Killed Crazy Yiuf
  1871 | D:4      | Noticed a necrophage
  1874 | D:4      | HP: 1/55 [orc priest/divine providence (12)]
  1879 | D:4      | Reached skill level 5 in Fighting
  1879 | D:4      | Slain by a necrophage

Illustrated notes

Levels and vault maps discovered:
D:1:      zaba_arrival_water, layout_rooms, supply_closet_lemuel
D:2:      layout_rooms, okawaru_trees_2, kennysheep_slug_shrine, uniq_sigmund,
          uniq_crazy_yiuf_cottage
D:3:      layout_rooms, minmay_randomly_rotated_circles
D:4:      layout_rooms, zin_angel, minmay_temple_entry_nine_rooms

Skill      XL: |  1  2  3  4  5  6 |
---------------+-------------------+-----
Armour         | 3 4 |  4.1
Shields        | 3 4 |  4.0
Fighting       | 4 5 |  5.0
Unarmed Combat | 3 4 |  4.3

Action                   |  1- 3 |  4- 6 || total
-------------------------+-------+-------++-------
Melee: Unarmed           |   141 |   182 ||   323
Invok: Heroism           |       |     1 ||     1
Armor: Scale mail        |    59 |    61 ||   120
Dodge: Dodged            |    46 |    45 ||    91
Block: Kite shield       |    58 |    95 ||   153
